 Dungeon Crawl Stone Soup version 0.23.0-38-g208d714 (webtiles) character file.

Game seed: 0

1153 XSreality the Cleaver (level 8, 0/68 HPs)
             Began as a Hill Orc Fighter on Feb 26, 2019.
             Slain by a black bear (2 damage)
             ... on level 5 of the Dungeon on Feb 27, 2019.
             The game lasted 00:21:19 (5467 turns).

XSreality the Cleaver (Hill Orc Fighter)            Turns: 5467, Time: 00:21:20

Health: 0/68       AC: 11    Str: 19    XL:     8   Next: 38%
Magic:  8/8        EV:  5    Int: 10    God:
Gold:   261        SH:  9    Dex: 10    Spells: 7/7 levels left

rFire    . . .     SeeInvis .   a - +0 war axe
rCold    . . .     Gourm    .   c - +0 shield
rNeg     . . .     Faith    .   e - +1 chain mail
rPois    .         Spirit   .   (no helmet)
rElec    .         Reflect  .   (no cloak)
rCorr    .         Harm     .   (no gloves)
MR       .....                  (no boots)
Stlth    ..........             d - amulet of magic regeneration
HPRegen  0.21/turn              (no ring)
MPRegen  0.36/turn              (no ring)

@: lightly drained
A: no striking features
a: no special abilities


You were on level 5 of the Dungeon.
You were not hungry.

You visited 1 branch of the dungeon, and saw 6 of its levels.

You collected 261 gold pieces.

Inventory:

Hand Weapons
 a - a +0 war axe (weapon)
 p - a +1 mace of crushing
Missiles
 h - 7 tomahawks
 k - 154 stones (quivered)
Armour
 c - a +0 shield (worn)
 e - a +1 chain mail (worn)
Jewellery
 d - an amulet of magic regeneration (around neck)
 y - a +3 ring of evasion {unknown}
 A - a cursed ring of attention {unknown}
Wands
 g - a wand of digging (2)
Scrolls
 b - 3 scrolls of enchant armour
 j - 2 scrolls of blinking {unknown}
 l - 4 scrolls of identify
 m - a scroll of teleportation {unknown}
 q - 2 scrolls of remove curse {unknown}
 r - a scroll of fog {unknown}
 w - a scroll of amnesia {unknown}
Potions
 i - 3 potions of lignification
 n - a potion of experience {unknown}
 o - 2 potions of degeneration {unknown}
 s - 3 potions of curing
 t - a potion of brilliance {unknown}
 u - a potion of mutation {unknown}
 v - a potion of haste {unknown}
 x - 2 potions of cancellation {unknown}
 z - a potion of heal wounds
Comestibles
 f - 2 rations


   Skills:
 + Level 5.1(4.9) Fighting
 * Level 9.6(9.5) Axes
 + Level 5.7(5.5) Armour
 + Level 0.1(0.0) Stealth
 + Level 5.4(5.3) Shields


You had 7 spell levels left.
You didn't know any spells.
Your spell library contained the following spells:

 Spells                   Type           Power        Failure   Level  Hunger
 Confusing Touch          Hex            #.....       100%        1    ##.....
 Confuse                  Hex            #.......     100%        3    ####...
 Gell's Gravitas          Tloc           #.........   100%        3    ####...
 Petrify                  Tmut/Erth      #.......     100%        4    #####..
 Metabolic Englaciation   Hex/Ice        #.........   100%        5    ######.
 Yara's Violent Unravell  Hex/Tmut       #.........   100%        5    ######.


Dungeon Overview and Level Annotations

Branches:
Dungeon (6/15)             Temple (0/1) D:4

Altars:
Elyvilon
Makhleb
Nemelex Xobeh
Sif Muna


Message History

The black bear is almost dead.
The black bear bites you but does no damage.
The black bear claws you but does no damage.
The black bear claws you. The black bear bites you!
* * * LOW HITPOINT WARNING * * *
You block the black bear's attack.
The black bear claws you but does no damage.
The black bear bites you but does no damage.
The black bear closely misses you. The black bear claws you.
* * * LOW HITPOINT WARNING * * *
You climb upwards.
There is a stone staircase leading down here.
You hit the black bear.
The black bear is almost dead.
You block the black bear's attack. The black bear completely misses you.
The black bear claws you but does no damage.
You block the black bear's attack. The black bear claws you.
* * * LOW HITPOINT WARNING * * *
The black bear claws you.
You die...

#.................#.....#
######.###.....#.......## #.#
#.....#.##.##.# #.#
#.....#.##.##.# #.#
#.....#.#..##.# #.#
#.....#.#.###.# ####.#
###.###.......# #....#
#.#####.#####
###.########<.@......####
#.............h.........######
#.#.##.##......##..#.##......#
#.#.##.##.##.#.....#.##.####.#
###.#.......................##.##
....####.##.##.#.##.#............
.........##......##.#..##...##.#.
##..##.#....................##.#.
.....#.#######.######..#.......#.


You could see a black bear (berserk).

Vanquished Creatures
  Grinder (D:4)
  Menkaure (D:5)
  A sky beast (D:5)
  A phantom (D:5)
  Blork the orc (D:5)
  A bullfrog (D:5)
  A scorpion (D:5)
  3 crimson imps (D:5)
  A quasit (D:5)
  A bullfrog zombie (D:5)
  4 hounds
  Ijyb (D:5)
  An iguana (D:4)
  An orc wizard (D:3)
  3 worker ants
  3 adders
  A shadow imp (D:5)
  2 oozes
  An adder skeleton (D:5)
  An adder zombie (D:5)
  3 dart slugs
  A leopard gecko (D:3)
  7 orcs
  2 giant cockroaches
  7 goblins
  5 hobgoblins
  5 jackals
  A quokka (D:2)
  3 ball pythons
  4 bats
  11 frilled lizards
  6 kobolds
  A leopard gecko skeleton (D:3)
  3 rats
89 creatures vanquished.

Notes
Turn   | Place    | Note
-------+----------+-------------------------------------------
     0 | D:1      | XSreality the Hill Orc Fighter began the quest for the Orb.
     0 | D:1      | Reached XP level 1. HP: 19/19 MP: 1/1
   213 | D:1      | Reached XP level 2. HP: 27/27 MP: 2/2
   509 | D:1      | You fall through a shaft!
   527 | D:2      | Reached skill level 3 in Axes
   577 | D:2      | Reached XP level 3. HP: 33/33 MP: 3/3
  1456 | D:2      | Found a white marble altar of Elyvilon.
  2144 | D:3      | Reached skill level 4 in Axes
  2144 | D:3      | Reached XP level 4. HP: 28/40 MP: 4/4
  2828 | D:3      | Found a burning altar of Makhleb.
  2835 | D:3      | Reached XP level 5. HP: 33/46 MP: 5/5
  3245 | D:4      | Reached skill level 5 in Axes
  3278 | D:4      | Noticed Grinder
  3278 | D:4      | Paralysed by Grinder for 5 turns
  3290 | D:4      | Killed Grinder
  3290 | D:4      | Reached skill level 6 in Axes
  3290 | D:4      | Reached XP level 6. HP: 18/53 MP: 6/6
  3690 | D:4      | Found a staircase to the Ecumenical Temple.
  4145 | D:5      | Entered Level 5 of the Dungeon
  4172 | D:5      | Reached XP level 7. HP: 53/60 MP: 7/7
  4219 | D:5      | Found a sparkling altar of Nemelex Xobeh.
  4231 | D:5      | Found a deep blue altar of Sif Muna.
  4240 | D:5      | Reached skill level 7 in Axes
  4352 | D:5      | Reached skill level 5 in Armour
  4352 | D:5      | Reached skill level 5 in Shields
  4356 | D:5      | Noticed Menkaure
  4390 | D:6      | Noticed a two-headed ogre
  4399 | D:6      | Upgraded the game from 0.23.0-33-g5e6c059 to
                  | 0.23.0-38-g208d714
  4399 | D:6      | HP: 3/60 [poisoned by a worker ant]
  4400 | D:6      | Reached skill level 8 in Axes
  4417 | D:5      | Killed Menkaure
  4421 | D:5      | Reached XP level 8. HP: 10/67 MP: 8/8
  4806 | D:5      | Noticed Ijyb
  4824 | D:5      | Killed Ijyb
  4912 | D:5      | Reached skill level 9 in Axes
  5080 | D:5      | Noticed Blork the orc
  5096 | D:5      | Killed Blork the orc
  5096 | D:5      | Reached skill level 5 in Fighting
  5467 | D:5      | HP: 2/68 [black bear (5)]
  5467 | D:5      | Slain by a black bear

Skill      XL: |  1  2  3  4  5  6  7  8 |
---------------+-------------------------+-----
Fighting       | 4 5 |  5.1
Axes           | 3 4 6 8 9 |  9.6
Armour         | 4 5 |  5.7
Shields        | 4 5 |  5.4
Stealth        | |  0.1

Action                   |  1- 3 |  4- 6 |  7- 9 || total
-------------------------+-------+-------+-------++-------
Melee: War axe           |   156 |   124 |   157 ||   437
  Use: Potion            |       |     2 |     4 ||     6
       Scroll            |       |     3 |       ||     3
  Eat: Chunk             |     4 |     5 |     1 ||    10
       Ration            |       |     1 |     1 ||     2
Armor: Chain mail        |    98 |    62 |   117 ||   277
       Scale mail        |     1 |       |       ||     1
Dodge: Dodged            |    42 |    30 |    39 ||   111
Block: Shield            |    71 |    71 |    90 ||   232
